 Dungeon Crawl Stone Soup version 0.27-a0-385-g3208abaabc (webtiles) character file.

Game seed: 11294891650047768655

9269 jestyr24 the Thaumaturge (level 11, -7/60 HPs)
             Began as a Deep Elf Conjurer on Feb 20, 2021.
             Was a Priest of Sif Muna.
             Mangled by Snorg (15 damage)
             ... on level 9 of the Dungeon.
             The game lasted 01:35:42 (12107 turns).

jestyr24 the Thaumaturge (Deep Elf Conjurer)       Turns: 12107, Time: 01:35:43

Health: -7/60      AC: 11    Str:  4    XL:     11   Next: 20%
Magic:  1/29       EV: 14    Int: 27    God:    Sif Muna [***...]
Gold:   457        SH:  5    Dex: 13    Spells: 21/35 levels left

rFire    + . .     SeeInvis .   n - +1 scimitar (flame)
rCold    . . .     Faith    .   H - +0 buckler
rNeg     . . .     Spirit   .   F - +2 robe {rF+}
rPois    .         Reflect  .   L - +0 helmet
rElec    .         Harm     .   E - +0 cloak
rCorr    +         Rampage  .   j - +0 pair of gloves
Will     +....                  (no boots)
Stlth    ++++......             G - amulet of regeneration
HPRegen  1.20/turn              m - ring of resist corrosion
MPRegen  0.21/turn              t - +4 ring of protection

@: studying Long Blades
A: no striking features
a: Renounce Religion, Channel Magic, Forget Spell


You were on level 9 of the Dungeon.
You worshipped Sif Muna.
Sif Muna was most pleased with you.
You visited 2 branches of the dungeon, and saw 11 of its levels.

You collected 457 gold pieces.

Inventory:

Hand Weapons
 a - a +4 trident
 b - a +1 spear of venom
 c - a +2 short sword of speed
 g - a +4 great sword of freezing
 n - a +1 scimitar of flaming (weapon)
 x - a +2 dagger of protection
 K - a +0 long sword
Missiles
 i - 21 boomerangs
 u - 4 atropa-tipped darts
 y - 52 poisoned darts
 N - a throwing net
Armour
 j - a +0 pair of gloves (worn)
 E - a +0 cloak (worn)
 F - a +2 robe of fire resistance (worn)
 H - a +0 buckler (worn)
 L - a +0 helmet (worn)
Magical Staves
 J - a staff of poison
Jewellery
 m - a ring of resist corrosion (left hand)
 t - a +4 ring of protection (right hand)
 G - an amulet of regeneration (around neck)
Wands
 d - a wand of flame (35)
 o - a wand of iceblast (15)
 p - a wand of digging (5)
 w - a wand of paralysis (9)
 O - a wand of polymorph (14)
Scrolls
 e - 5 scrolls of identify
 f - 6 scrolls of teleportation
 q - 2 scrolls of fog {unknown}
 s - 3 scrolls of enchant weapon {unknown}
 z - a scroll of acquirement {unknown}
 A - 2 scrolls of magic mapping {unknown}
 C - 2 scrolls of amnesia
 D - a scroll of blinking {unknown}
Potions
 h - 2 potions of might {unknown}
 k - 2 potions of attraction {unknown}
 l - a potion of heal wounds
 r - a potion of magic {unknown}
 v - a potion of invisibility
 B - a potion of cancellation
 I - 3 potions of curing
 M - a potion of mutation {unknown}


   Skills:
 - Level 3.3 Fighting
 - Level 4.0 Long Blades
 + Level 4.7 Dodging
 + Level 8.1 Stealth
 + Level 4.6 Shields
 + Level 12.9 Spellcasting
 + Level 11.1 Conjurations
 + Level 4.2 Hexes


You had 21 spell levels left.
You knew the following spells:

 Your Spells              Type           Power        Failure   Level
a - Magic Dart            Conj           100%         1%          1
b - Searing Ray           Conj           100%         1%          2
c - Fulminant Prism       Conj/Hex       28%          1%          4
d - Iskenderun's Mystic   Conj/Tloc      47%          3%          4
e - Summon Guardian Gole  Hex/Summ       29%          4%          3

Your spell library contained the following spells:

 Spells                   Type           Power        Failure   Level
 Dazzling Flash           Conj/Hex       100%         1%          3
 Stone Arrow              Conj/Erth      94%          1%          3
 Beastly Appendage        Tmut           34%          3%          1
 Sandblast                Erth           34%          3%          1
 Passwall                 Tmut/Erth      14%          4%          2
 Irradiate                Conj/Tmut      23%          9%          5
 Petrify                  Tmut/Erth      17%          32%         4
 Summon Lightning Spire   Summ/Air       17%          32%         4
 Lee's Rapid Deconstruct  Erth           8%           65%         5
 Dragon Form              Tmut           8%           100%        7


Dungeon Overview and Level Annotations

Branches:
Dungeon (10/15)            Temple (1/1) D:6            Lair (0/6) D:9
    Orc: D:9-12

Altars:
Ashenzari
Cheibriados
Dithmenos
Elyvilon
Fedhas
Gozag
Hepliaklqana
Kikubaaqudgha
Makhleb
Nemelex Xobeh
Okawaru
Qazlal
Ru
Sif Muna
Trog
Uskayaw
Vehumet
Wu Jian
Xom
Yredelemnul
Zin
The Shining One

Annotations:
D:9 Snorg


Message History

Confirm with . or Enter, or press ? or * to list all spells.
Aiming: Searing Ray (safe; 1% risk of failure)
Press: ? - help, Shift-Dir - straight line, f - centaur warrior zombie
Aim: a centaur warrior zombie (moderately damaged, 2% to evade)
The searing ray hits the centaur warrior zombie!!
The centaur warrior zombie is heavily damaged. (Press . to maintain the ray.) Snorg goes berserk!
The centaur warrior zombie hits you but does no damage.
Your fulminant prism crackles loudly.
Casting: Searing Ray (safe; 1% risk of failure)
Confirm with . or Enter, or press ? or * to list all spells.
Aiming: Magic Dart (safe; 1% risk of failure)
Press: ? - help, Shift-Dir - straight line, f - eye of draining, p - centaur warrior zombie
Aim: an eye of draining (severely wounded, ally target, 0% to evade)
The magic dart hits the eye of draining.
The eye of draining is almost dead.
The centaur warrior zombie hits you but does no damage.
The eye of draining gazes at you.
You feel your power leaking away.
Your fulminant prism explodes!
The blast of energy engulfs the eye of draining!!
You kill the eye of draining!
Sif Muna accepts your kill.
The blast of energy engulfs Snorg!!
Snorg is severely wounded.
You hear a loud, deep croak!
You hear a shout!
The centaur warrior zombie hits you but does no damage.
Snorg bites you. Snorg claws you. Snorg claws you!!
You climb upwards.
There is a stone staircase leading down here.
You hit Snorg but do no damage.
Snorg is severely wounded.
Snorg bites you! Snorg claws you!
* * * LOW HITPOINT WARNING * * *
Snorg claws you but does no damage. Snorg misses you.
You riposte.
You slash Snorg! You burn Snorg.
Snorg is severely wounded.
You block Snorg's attack. Snorg claws you!
You die...

##.>......# #
#....)....#
########.##....[.#
.......).##.._[[.#
##..####..#[....##
###.####..#.....######
............(...†.†..#
###......##......T...#
##.....###....@....#
#..##### #....†....#
#.## #.........# ###.#
#.........# .##.#
###...##### ....#
#.### .#..# #.# ###.#
#.# #[..# #.#


You could see Snorg (berserk).

Vanquished Creatures
  Erica (D:8)
  3 two-headed ogres
  Maurice (D:8)
  A wyvern (D:8)
  3 yaks (D:9)
  A steam dragon (D:8)
  2 wargs (D:9)
  A water moccasin (D:9)
  2 sky beasts
  6 orc warriors
  A black bear (D:9)
  2 ice beasts
  A hornet zombie (D:9)
  2 eyes of draining
  A necrophage (D:9)
  7 ogres
  3 phantoms
  2 kobold brigands
  A bullfrog (D:9)
  A gnoll sergeant (D:7)
  A water moccasin zombie (D:6)
  A wyvern zombie (D:8)
  3 scorpions
  A water moccasin skeleton (D:6)
  5 killer bees
  5 wights (D:6)
  3 howler monkeys
  A bullfrog zombie (D:9)
  A quasit (D:9)
  5 jellies
  A centaur zombie (D:7)
  12 orc priests
  A bullfrog skeleton (D:5)
  6 hounds
  Terence (D:2)
  3 iguanas
  17 orc wizards
  9 worker ants
  A hound zombie (D:8)
  Robin (D:3)
  2 worker ant zombies (D:5)
  8 gnolls
  11 adders
  2 shadow imps
  3 white imps
  5 ufetubi
  3 oozes
  An adder skeleton (D:6)
  5 worms
  A dart slug (D:1)
  3 leopard geckos
  50 orcs
  A ball python (D:2)
  9 giant cockroaches
  11 goblins
  6 hobgoblins
  11 jackals
  5 kobolds
  3 quokkas
  14 bats
  11 frilled lizards
  A jackal zombie (D:5)
  A leopard gecko skeleton (D:4)
  A quokka skeleton (D:9)
  11 rats
299 creatures vanquished.

Vanquished Creatures (others)
  37 fulminant prisms
  A plant (D:9)
38 creatures vanquished.

Grand Total: 337 creatures vanquished

Notes
Turn   | Place    | Note
-------+----------+-------------------------------------------
     0 | D:1      | jestyr24 the Deep Elf Conjurer began the quest for the Orb.
     0 | D:1      | Reached XP level 1. HP: 10/10 MP: 6/6
   194 | D:1      | Reached XP level 2. HP: 15/15 MP: 5/8
   433 | D:1      | Reached skill level 5 in Conjurations
   573 | D:1      | Learned a level 2 spell: Searing Ray
   661 | D:1      | Reached XP level 3. HP: 19/19 MP: 3/9
  1090 | D:2      | Noticed a scorpion
  1096 | D:2      | Killed a scorpion
  1097 | D:2      | Reached XP level 4. HP: 24/24 MP: 4/11
  1458 | D:2      | Noticed Terence
  1485 | D:2      | Killed Terence
  1486 | D:2      | Reached skill level 4 in Spellcasting
  1625 | D:2      | Reached XP level 5. HP: 28/28 MP: 8/13
  2956 | D:3      | Reached skill level 5 in Spellcasting
  2991 | D:3      | Noticed Robin
  2994 | D:3      | Killed Robin
  3104 | D:3      | Found a hide-covered altar of Uskayaw.
  3174 | D:3      | Reached XP level 6. HP: 32/32 MP: 11/15
  3952 | D:4      | Reached skill level 6 in Spellcasting
  4218 | D:4      | Reached XP level 7. HP: 37/37 MP: 12/18
  4599 | D:5      | Entered Level 5 of the Dungeon
  5474 | D:5      | Reached skill level 7 in Spellcasting
  5565 | D:5      | Found a bloodstained altar of Trog.
  5568 | D:5      | Found a sacrificial altar of Ru.
  5570 | D:5      | Found an ancient bone altar of Kikubaaqudgha.
  5907 | D:6      | Reached XP level 8. HP: 30/42 MP: 8/21
  6024 | D:6      | Reached skill level 5 in Stealth
  6131 | D:6      | Reached skill level 8 in Spellcasting
  6147 | D:6      | Found a hazy altar of Hepliaklqana.
  6194 | D:6      | Found a staircase to the Ecumenical Temple.
  6216 | Temple   | Entered the Ecumenical Temple
  6279 | Temple   | Became a worshipper of Sif Muna the Loreminder
  6730 | D:6      | Reached skill level 9 in Spellcasting
  6788 | D:6      | Learned a level 4 spell: Fulminant Prism
  6999 | D:6      | Reached skill level 10 in Spellcasting
  7081 | D:6      | Reached skill level 1 in Fighting
  7081 | D:6      | Reached XP level 9. HP: 47/47 MP: 17/25
  7406 | D:7      | Reached * piety under Sif Muna
  7481 | D:7      | Reached skill level 1 in Long Blades
  7942 | D:7      | Reached skill level 11 in Spellcasting
  8398 | D:8      | Reached ** piety under Sif Muna
  8480 | D:8      | Noticed Erica
  8788 | D:8      | Noticed Maurice
  8798 | D:8      | Reached skill level 1 in Hexes
  9132 | D:8      | Killed Maurice
  9135 | D:8      | Found a radiant altar of Vehumet.
  9368 | D:7      | Learned a level 4 spell: Iskenderun's Mystic Blast
  9378 | D:8      | Reached skill level 10 in Conjurations
  9578 | D:8      | Reached XP level 10. HP: 55/56 MP: 18/27
  9652 | D:8      | Killed Erica
 10047 | D:8      | Identified Urghadoa's Guide on the Mutagenic Entourage
 10053 | D:8      | Learned a level 3 spell: Summon Guardian Golem
 10091 | D:8      | Noticed a two-headed ogre
 10092 | D:8      | Noticed a two-headed ogre
 10100 | D:8      | Killed a two-headed ogre
 10193 | D:8      | Killed a two-headed ogre
 10643 | D:9      | Reached skill level 12 in Spellcasting
 11143 | D:9      | Found a staircase to the Lair.
 11149 | D:9      | Reached *** piety under Sif Muna
 11254 | D:9      | Found a shimmering altar of Xom.
 11336 | D:9      | Noticed a two-headed ogre
 11339 | D:9      | Reached XP level 11. HP: 60/60 MP: 22/29
 11506 | D:9      | Killed a two-headed ogre
 11936 | D:10     | Entered Level 10 of the Dungeon
 11953 | D:10     | Noticed a two-headed ogre
 12099 | D:10     | Noticed Snorg
 12107 | D:9      | Mangled by Snorg

Illustrated notes

Levels and vault maps discovered:
D:1:      mrwooster_arrival_arrow, layout_loops_ring
D:2:      layout_basic, uniq_terence
D:3:      layout_loops_ring, marbit_many_paths, grunt_decor_arrowhead,
          minmay_misc_feat_more_columns, patterned_corridor, uniq_robin
D:4:      layout_cave_pools, minivault_19
D:5:      layout_basic, grunt_temple_overflow_diamond
D:6:      layout_cave_pools, lemuel_crystal_altar,
          minmay_temple_entry_drinking_statues, minmay_manual_maat
D:7:      layout_rooms
D:8:      minmay_chambers_of_sixes, layout_gridville, fiery_altar_vehumet,
          kennysheep_generic_room_15, uniq_erica, uniq_maurice
D:9:      layout_rooms, erik_lair_orcish_takeover, basic_altar, minmay_between
D:10:     layout_cave_pools, hangedman_little_slice_of_home, uniq_joseph,
          uniq_snorg
Temple:   compressed_dpeg_circular_temple

Skill      XL: |  1  2  3  4  5  6  7  8  9 10 11 |
---------------+----------------------------------+-----
Conjurations   | 5 6 7 8 9 10 11 | 11.1
Stealth        | 3 4 6 7 8 |  8.1
Spellcasting   | 4 5 6 7 10 11 12 | 12.9
Dodging        | 3 4 |  4.7
Fighting       | 1 3 |  3.3
Long Blades    | 3 4 |  4.0
Hexes          | 1 3 4 |  4.2
Shields        | 4 |  4.6

Action                   |  1- 3 |  4- 6 |  7- 9 | 10-12 || total
-------------------------+-------+-------+-------+-------++-------
Melee: Dagger            |       |    14 |     3 |       ||    17
       Great sword       |       |       |     2 |       ||     2
       Scimitar          |       |       |       |    15 ||    15
 Cast: Magic Dart        |    52 |    92 |    96 |    33 ||   273
       Searing Ray       |       |    37 |   101 |    41 ||   179
       Fulminant Prism   |       |       |    14 |    23 ||    37
       Iskenderun's Myst |       |       |       |    11 ||    11
  Use: Potion            |       |     4 |     4 |       ||     8
       Scroll            |       |     2 |       |     2 ||     4
 Stab: Invisible         |       |     1 |       |       ||     1
Armor: Robe              |     1 |     2 |    22 |    15 ||    40
Dodge: Dodged            |       |    19 |    48 |    40 ||   107
Block: Buckler           |       |       |       |    17 ||    17
       Rpst.: Great sword |       |       |     9 |       ||     9
       Scimitar          |       |       |       |     9 ||     9

Table legend: (Time is in decaauts)
 A = Elapsed time spent in this place.
 B = Non-inter-level travel time spent in this place.
 C = Inter-level travel time spent in this place.
 D = Time resting spent in this place.
 E = Time spent auto-exploring this place.
 F = Levels seen in this place.
 G = Mean time per level.
                   A        B        C        D        E       F      G
               +--------+--------+--------+--------+--------+-----+--------+
         Total |  12144 |  11742 |    402 |   4540 |   3933 |  11 | 1104.0 |
       Dungeon |  11887 |  11504 |    383 |   4372 |   3933 |  10 | 1188.7 |
        Temple |    257 |    238 |     19 |    168 |      0 |   1 |  257.0 |
               +--------+--------+--------+--------+--------+-----+--------+

Top non-repeatable levels by time:
     D:7: 1827 daAuts
     D:6: 1460 daAuts
     D:5: 1395 daAuts
     D:2: 1392 daAuts
     D:3: 1284 daAuts
     D:9: 1269 daAuts
     D:8: 1252 daAuts
     D:1: 1152 daAuts
     D:4: 827 daAuts
  Temple: 257 daAuts
    D:10: 25 daAuts
